 Dungeon Crawl Stone Soup version 0.13-a0-3016-gcb2faac (webtiles) character file.

30080 PleasurePal the Bludgeoner (level 13, -2/101 HPs)
             Began as a Minotaur Gladiator on Sept 13, 2013.
             Was the Champion of Makhleb.
             Slain by a cacodemon (10 damage)
             ... summoned by the player character
             ... on Level 4 of the Lair of Beasts on Sept 14, 2013.
             The game lasted 04:12:59 (19175 turns).

PleasurePal the Bludgeoner (Minotaur Gladiator)    Turns: 19175, Time: 04:12:59

HP  -2/101       AC 17     Str 19      XL: 13   Next: 13%
MP  25/25        EV  7     Int  9      God: Makhleb [******]
Gold 1040        SH  0     Dex 17      Spells:  0 memorised, 12 levels left

Res.Fire  : . . .   See Invis. : .   A - +2,+3 great mace (freeze)
Res.Cold  : . . .   Warding    : .   E - -2 chain mail of Boiling Hail {Int+4 Dam+3 Life Prot.: . . . Conserve : . (no shield)
Res.Poison: +       Res.Corr.  : .   c - +0 cap
Res.Elec. : .       Clarity    : .   y - +0 cloak {MR+}
Sust.Abil.: . .     Spirit.Shd : .   g - +0 pair of gauntlets
Res.Mut.  : .       Stasis     : .   (no boots)
Res.Rott. : .       Flight     : .   (no amulet)
Saprovore : . . .                    H - +5 ring of protection
                                     x - ring of poison resistance

@: quite resistant to hostile enchantments, extremely unstealthy
A: retaliatory headbutt, horns 2, deterioration 1, -10% hp, spit poison 1, AC +1
a: Spit Poison, Minor Destruction, Lesser Servant of Makhleb, Major Destruction,
Greater Servant of Makhleb, Renounce Religion


You were on level 4 of the Lair of Beasts.
You worshipped Makhleb.
Makhleb was exalted by your worship.
You were hungry.

You visited 3 branches of the dungeon, and saw 18 of its levels.
You also visited: Labyrinth.

You collected 1020 gold pieces.

Inventory:

Hand weapons
 n - a +0,+0 sling
 A - a +2,+3 great mace of freezing (weapon)
 M - the +3,+3 dire flail "Vudoaliw" {holy, rF++ SInv}
   (You found it on level 7 of the Dungeon)

   It has been blessed by the Shining One to cause great damage to the undead
   and demons.
   It greatly protects you from fire.
   It enhances your eyesight.
Missiles
 d - 3 throwing nets
 t - 8 javelins (quivered)
 z - 19 sling bullets of flame
Armour
 c - a +0 cap (worn)
 g - a +0 pair of gauntlets (worn)
 y - a +0 cloak of magic resistance (worn)
 E - the -2 chain mail of Boiling Hail (worn) {Int+4 Dam+3}
   (You found it on level 12 of the Dungeon)

   It affects your intelligence (+4).
   It affects your damage-dealing abilities (+3).
Magical devices
 a - a wand of polymorph (12)
 b - a wand of magic darts (12) {unknown}
 h - a wand of magic darts (16) {unknown}
 o - a wand of fire (6)
 u - a wand of lightning (9)
 C - a wand of confusion (6)
 U - a wand of teleportation (4)
 X - a wand of digging (7)
 Y - a wand of magic darts (8) {unknown}
Comestibles
 f - 3 bread rations
 s - a meat ration
Scrolls
 i - 6 scrolls of remove curse
 j - 3 scrolls of magic mapping
 l - 2 scrolls of identify
 w - a scroll of recharging {unknown}
 P - 2 scrolls of fear
 S - a scroll of teleportation
 W - a scroll of blinking
Jewellery
 x - a ring of poison resistance (left hand)
 B - a cursed -2 ring of evasion {unknown}
 D - a +1 ring of strength
 H - a +5 ring of protection (right hand)
 K - an uncursed ring of sustenance
Potions
 e - a potion of mutation {unknown}
 k - 4 potions of curing
 m - a potion of berserk rage {unknown}
 q - a potion of heal wounds
 r - 2 potions of resistance
 v - a potion of restore abilities {unknown}
 F - 2 potions of agility
 N - 2 potions of might
 R - 3 potions of confusion {unknown}
Books
 p - a Grand Grimoire {highlevel}

   This book is beyond your current level of understanding.

   Spells                             Type                      Level
   Demonic Horde                      Summoning                    6
   Mass Abjuration                    Summoning                    6
   Haunt                              Necromancy/Summoning         7
   Summon Greater Demon               Summoning                    7
   Malign Gateway                     Summoning/Translocation      7
   Summon Horrible Things             Summoning                    8
Miscellaneous
 V - a stone of tremors


   Skills:
 + Level 12.8 Fighting
 - Level 15.0 Maces & Flails
 - Level 2.0 Throwing
 - Level 8.4 Armour
 - Level 3.2 Dodging
 + Level 13.0 Invocations


You had 12 spell levels left.
You didn't know any spells.

Dungeon Overview and Level Annotations

Branches:
Dungeon (13/27)            Temple (1/1) D:4             Orc (0/4) D:10
   Lair (4/8) D:13         Shoals (0/5) Lair:4
  Swamp: Lair:3-6     Snake: Lair:3-6    Spider: Lair:3-6

Altars:
Ashenzari
Cheibriados
Elyvilon
Fedhas
Kikubaaqudgha
Makhleb
Nemelex Xobeh
Okawaru
Sif Muna
Trog
Vehumet
Xom
Yredelemnul
Zin
the Shining One

Shops:
D:10 +

Annotations:
D:7 exclusion: downstairs


Innate Abilities, Weirdness & Mutations

You reflexively headbutt those who attack you in melee.
You have a pair of horns on your head.
Your body is slowly deteriorating.
You are frail (-10% HP).
You are covered in fur (AC +1).
You can spit poison.


Message History

The cacodemon gestures at you. You resist. The cacodemon gestures at you.
Strange energies course through your body.
You feel frail.
Things that are here:
a hippogriff skeleton; 5 chunks of hippogriff flesh The cacodemon gestures at you.
The bolt of energy hits you!
* * * LOW HITPOINT WARNING * * *
Things that are here:
a hippogriff skeleton; 5 chunks of hippogriff flesh You barely miss the cacodemon.
Your headbutt misses the cacodemon. The cacodemon gestures at you.
Strange energies course through your body.
You feel yourself wasting away.
You closely miss the cacodemon. The cacodemon hits you!
* * * LOW HITPOINT WARNING * * *
The cacodemon hits you!
You die...

. #..._.................#..P ....
#......#.#.....P##....##.# .....
#..................f..#... #.....
#.....................#..# ......
##...............###.#.#..
......###........#...............
.......##...................#.P..
.......P....#.#..#..#..#.........
....>.....j....2@................
.f....PP#.####.#######...........
................. #............#.
.##.?≈≈≈≈;##.P##....#..f#..#.....
...≈≈≈≈;≈{.....#.#........#.....
.###≈≈≈≈≈≈;...# .#.....#........
≈≈≈≈>≈≈≈... . ...ff.......
..≈≈≈≈≈≈≈... ...f...#.. ≈≈≈≈≈≈ .
.#..


You could see a cacodemon, an agate snail and a shark.

Vanquished Creatures
  A minotaur (Lab)
  Josephine (D:11)
  3 hydras
  Erica (D:10)
  3 centaur warriors
  A skeletal warrior (D:13)
  An unseen horror (D:10)
  3 hill giants
  Joseph (D:11)
  A griffon (Lair:4)
  A black mamba (Lair:2)
  4 spiny frogs
  A fire drake (D:13)
  A wandering mushroom (Lair:4)
  A two-headed ogre (D:11)
  A komodo dragon (Lair:2)
  A troll (D:10)
  3 blink frogs (Lair:1)
  3 slime creatures (D:12)
  A trapdoor spider (D:12)
  3 shadows
  2 basilisks
  A griffon skeleton (D:11)
  6 hippogriffs
  Eustachio (D:8)
  A neqoxec (D:12)
  20 yaks
  3 hungry ghosts
  A manticore (D:10)
  6 wolves (Lair:2)
  A necrophage (D:10)
  4 porcupines
  2 orc warriors (D:10)
  A sky beast (D:6)
  3 phantoms
  6 crocodiles
  2 yellow wasps
  2 giant goldfish (D:7)
  7 ogres
  2 centaurs
  3 ice beasts
  2 wargs (D:10)
  Duvessa (D:6)
  4 giant slugs
  A big kobold (D:12)
  Blork the orc (D:4)
  2 water moccasins
  10 giant frogs
  A komodo dragon skeleton (D:11)
  A wyvern zombie (D:10)
  3 agate snails (Lair:4)
  A cyclops skeleton (D:12)
  2 eyes of draining
  2 jellyfish (D:7)
  20 killer bees
  A rock worm zombie (D:12)
  A yak skeleton (D:12)
  10 wights
  2 electric eels (D:7)
  Dowan (D:6)
  6 crimson imps
  A goliath beetle (D:7)
  4 jellies
  7 orc priests
  12 hounds
  Crazy Yiuf (D:3)
  2 giant frog zombies
  4 orc wizards
  A black bear zombie (D:6)
  A giant frog skeleton (D:10)
  11 iguanas
  A quasit (D:8)
  2 scorpions (D:7)
  16 worker ants
  2 killer bee zombies (D:9)
  Jessica (D:3)
  A big kobold skeleton (D:8)
  A mummy (D:12)
  A worker ant zombie (D:11)
  18 adders
  6 gnolls
  A hound simulacrum (D:11)
  26 green rats
  3 giant centipedes
  A giant mite (D:3)
  An ufetubus (D:8)
  7 worms
  A giant centipede zombie (D:11)
  2 grey rats (D:8)
  4 giant eyeballs
  4 giant geckos
  51 orcs
  2 bat skeletons (D:4)
  4 giant cockroaches
  15 hobgoblins
  7 jackals
  13 kobolds
  6 quokkas
  13 bats
  8 giant newts
  15 goblins
  A hobgoblin zombie (D:7)
  An orc skeleton (D:10)
  20 rats
  5 ballistomycetes (D:9)
486 creatures vanquished.

Vanquished Creatures (collateral kills)
  A skeletal warrior (D:13)
  2 hill giants
  A hill giant zombie (D:11)
  2 yaks (D:12)
  An orc warrior (D:13)
  A manticore zombie (D:13)
  A hippogriff zombie (D:13)
  5 killer bees (D:12)
  An electric eel (Lair:4)
  A wyvern simulacrum (D:11)
  2 orcs (D:13)
18 creatures vanquished.

Vanquished Creatures (others)
  A hellwing (Lair:2)
  A neqoxec (D:13)
  2 ynoxinuls (D:12)
  A worker ant (D:5)
  6 ufetubi (D:12)
  2 orcs (D:10)
  A hobgoblin (D:5)
  3 jackals (D:5)
  2 giant spores (D:9)
  A rat (D:10)
20 creatures vanquished.

Grand Total: 524 creatures vanquished

Notes
Turn   | Place    | Note
--------------------------------------------------------------
     0 | D:1      | PleasurePal, the Minotaur Gladiator, began the quest for the Orb.
     0 | D:1      | Reached XP level 1. HP: 18/18 MP: 0/0
   112 | D:1      | Reached skill level 4 in Maces & Flails
   288 | D:1      | Reached XP level 2. HP: 16/25 MP: 0/0
   302 | D:1      | KrispenWah: ctrl+8
   822 | D:2      | Reached skill level 5 in Maces & Flails
   865 | D:2      | Reached XP level 3. HP: 19/30 MP: 1/1
  1261 | D:2      | Reached XP level 4. HP: 35/38 MP: 1/1
  1271 | D:2      | KrispenWah: search armour
  1333 | D:2      | Reached skill level 6 in Maces & Flails
  1881 | D:2      | KrispenWah: http://i.imgur.com/jLSOSiw.png
  2046 | D:3      | Noticed Jessica
  2052 | D:3      | Killed Jessica
  2293 | D:3      | Reached skill level 7 in Maces & Flails
  2293 | D:3      | Reached XP level 5. HP: 44/44 MP: 1/1
  2441 | D:3      | Noticed Crazy Yiuf
  2448 | D:3      | Killed Crazy Yiuf
  2448 | D:3      | Reached skill level 8 in Maces & Flails
  2944 | D:4      | Reached XP level 6. HP: 32/50 MP: 2/2
  3307 | D:4      | Noticed Blork the orc
  3317 | D:4      | Killed Blork the orc
  3317 | D:4      | Reached skill level 9 in Maces & Flails
  3327 | D:4      | Found a staircase to the Ecumenical Temple.
  3417 | Temple   | Entered the Ecumenical Temple
  3839 | Temple   | Became a worshipper of Makhleb the Destroyer
  3999 | D:5      | Entered Level 5 of the Dungeon
  4099 | D:5      | Reached skill level 1 in Armour
  4099 | D:5      | Reached XP level 7. HP: 28/57 MP: 2/2
  4550 | D:5      | Reached skill level 10 in Maces & Flails
  4588 | D:5      | Found a shattered altar of Ashenzari.
  4924 | D:6      | Acquired Makhleb's first power
  4965 | D:6      | Reached XP level 8. HP: 40/63 MP: 2/2
  5149 | D:6      | Reached skill level 5 in Armour
  5196 | D:6      | Reached skill level 11 in Maces & Flails
  5378 | D:6      | Noticed Dowan
  5379 | D:6      | Noticed Duvessa
  5389 | D:6      | Killed Duvessa
  5401 | D:6      | Killed Dowan
  5442 | D:6      | Acquired Makhleb's second power
  6261 | D:7      | Reached skill level 12 in Maces & Flails
  6261 | D:7      | Reached XP level 9. HP: 41/69 MP: 3/3
  6475 | D:7      | Acquired Makhleb's third power
  6491 | D:7      | KrispenWah: press <
  6649 | D:7      | Reached skill level 1 in Invocations
  7197 | D:8      | Noticed Eustachio
  7222 | D:8      | Killed Eustachio
  7222 | D:8      | Reached skill level 13 in Maces & Flails
  7402 | D:8      | Acquired Makhleb's fourth power
  7706 | D:8      | Paralysed by a giant eyeball for 3 turns
  7713 | D:8      | Paralysed by a giant eyeball for 2 turns
  7867 | D:7      | Got a smoking dire flail
  7868 | D:7      | Identified the dire flail "Vudoaliw" {holy, rF++ SInv} (You found it on level 7 of the Dungeon)
  8063 | D:7      | Reached XP level 10. HP: 77/77 MP: 11/11
  8222 | D:7      | Reached skill level 5 in Invocations
  8248 | D:8      | Paralysed by a giant eyeball for 4 turns
  8565 | D:9      | Gained mutation: You can spit poison. [potion of beneficial mutation]
  8885 | D:9      | Reached skill level 14 in Maces & Flails
  9073 | D:9      | Acquired Makhleb's fifth power
  9435 | D:10     | Entered Level 10 of the Dungeon
  9559 | D:10     | Found a staircase to the Orcish Mines.
  9629 | D:10     | Noticed a hill giant
  9634 | D:10     | Killed a hill giant
  9674 | D:10     | Found Atsympus' Book Shop.
 10076 | D:10     | Paralysed by a giant eyeball for 3 turns
 10477 | D:11     | Noticed Erica
 10480 | D:11     | Noticed a hill giant
 10498 | D:10     | HP: 2/77 [it/bolt of poison (19)]
 10820 | D:10     | Noticed an unseen horror
 10821 | D:10     | Killed an unseen horror
 10821 | D:10     | Reached skill level 15 in Maces & Flails
 11043 | D:10     | Killed Erica
 11043 | D:10     | Reached XP level 11. HP: 79/83 MP: 18/18
 11060 | D:10     | Killed a hill giant
 11181 | D:11     | Noticed Joseph
 11198 | D:11     | Killed Joseph
 11198 | D:11     | Reached skill level 5 in Fighting
 11301 | D:11     | Noticed Josephine
 11313 | D:11     | HP: 3/86 [Josephine/bolt of cold (24)]
 11632 | D:11     | Killed Josephine
 12049 | D:12     | Noticed a hill giant
 12056 | D:12     | Killed a hill giant
 12063 | D:12     | Found a labyrinth entrance.
 12087 | Lab      | Entered a labyrinth
 14168 | Lab      | Noticed a minotaur
 14174 | Lab      | Killed a minotaur
 14174 | Lab      | Reached skill level 10 in Invocations
 14219 | D:12     | Identified 2 scrolls of acquirement
 14232 | D:12     | Got an ancient buckler
 14239 | D:12     | Identified the +3 buckler "Mauvvuraugg" {rF+} (You acquired it on level 12 of the Dungeon)
 14251 | D:12     | Soner: Read t and R
 14251 | D:12     | Soner: but not I
 14251 | D:12     | PleasurePal: ok
 14253 | D:12     | Soner: wield your great mace again
 14253 | D:12     | PleasurePal: ok
 14294 | D:12     | Paralysed by a giant eyeball for 2 turns
 14301 | D:12     | Paralysed by a giant eyeball for 3 turns
 14313 | D:12     | Got a faintly humming chain mail
 14350 | D:12     | Identified the cursed -2 chain mail of Boiling Hail {Int+4 Dam+3} (You found it on level 12 of the Dungeon)
 14390 | D:12     | Soner: type this: ego&&armour
 14792 | D:12     | Noticed a hill giant
 14809 | D:12     | Killed a hill giant
 14904 | D:12     | Reached XP level 12. HP: 98/100 MP: 22/22
 15858 | D:13     | Reached skill level 10 in Fighting
 16035 | D:13     | Found a staircase to the Lair.
 16095 | Lair:1   | Entered Level 1 of the Lair of Beasts
 16197 | Lair:1   | Soner: percent sign %
 16379 | Lair:1   | Soner: sBIPWZ
 16379 | Lair:1   | Soner: Q
 16379 | Lair:1   | Soner: Q
 16379 | Lair:1   | Soner: Q
 16379 | Lair:1   | Soner: Q
 16379 | Lair:1   | Soner: Q
 16379 | Lair:1   | Soner: Q
 16379 | Lair:1   | Soner: Q
 16379 | Lair:1   | Soner: Q
 16379 | Lair:1   | Soner: Q
 16379 | Lair:1   | Soner: QQ
 16379 | Lair:1   | Soner: Q
 16379 | Lair:1   | Soner: Q
 16505 | Lair:1   | Soner: x
 16507 | Lair:1   | Soner: then hover an enemy
 16509 | Lair:1   | Soner: then press v
 17148 | Lair:2   | PleasurePal: ?
 17148 | Lair:2   | Soner: Drop: aDmGJLQghlBIZvwOepq
 17167 | Lair:2   | Soner: Then drop 4f, 5i, 1k, and and T.
 17167 | Lair:2   | Soner: Then read s, quaff b, and test the y wand.
 17171 | Lair:2   | Soner: Use that on y.
 17172 | Lair:2   | Soner: q
 17172 | Lair:2   | Soner: q for quaff
 17172 | Lair:2   | Soner: because quaff starts with q
 17172 | Lair:2   | Gained mutation: You are covered in fur (AC +1). [potion of beneficial mutation]
 17173 | Lair:2   | Soner: i've said this about 7 times and you never questioned it
 17262 | Lair:2   | Noticed a seven-headed hydra
 17275 | Lair:2   | Killed a seven-headed hydra
 17287 | Lair:2   | Noticed a four-headed hydra
 17295 | Lair:2   | Killed a four-headed hydra
 18067 | Lair:3   | Noticed an eight-headed hydra
 18074 | Lair:3   | Killed an eight-headed hydra
 18521 | Lair:3   | Reached XP level 13. HP: 96/113 MP: 25/25
 18938 | Lair:4   | Found a glowing silver altar of Zin.
 18978 | Lair:4   | Found a staircase to the Shoals.
 19159 | Lair:4   | Noticed a cacodemon
 19169 | Lair:4   | Gained mutation: You are frail (-10% HP). [a cacodemon]
 19174 | Lair:4   | Gained mutation: Your body is slowly deteriorating. [a cacodemon]
 19175 | Lair:4   | Slain by a cacodemon

Action                   |  1- 3 |  4- 6 |  7- 9 | 10-12 | 13-15 || total
-------------------------+-------+-------+-------+-------+-------++-------
Melee: Mace              |    83 |    63 |       |       |       ||   146
       Flail             |       |    67 |   387 |       |       ||   454
       Dire flail        |       |       |    18 |    71 |       ||    89
       Great mace        |       |       |     9 |   540 |    89 ||   638
 Fire: Bow               |       |       |    12 |    11 |       ||    23
Invok: Lesser Servant of |       |       |       |     9 |       ||     9
       Greater Servant o |       |       |       |     1 |     2 ||     3
Evoke: Wand              |       |       |     6 |     5 |       ||    11
  Use: Scroll            |       |     4 |    18 |    14 |       ||    36
       Potion            |       |     3 |     2 |    10 |       ||    15
 Stab: Distracted        |       |       |       |     1 |       ||     1
